 Dungeon Crawl Stone Soup version 0.31-a0-133-gaae73658be (webtiles) character file.

Game seed: 1004897493487345728

1582 bisquet the Basher (level 8, -1/70 HPs)
             Began as a Minotaur Fighter on Feb 14, 2023.
             Killed by divine providence
             ... invoked by an orc priest
              (10 damage)
             ... on level 7 of the Dungeon on June 2, 2023.
             The game lasted 00:44:39 (4523 turns).

bisquet the Basher (Minotaur Fighter)               Turns: 4523, Time: 00:44:39

Health: -1/70      AC: 17    Str: 24    XL:     8   Next: 60%
Magic:  7/7        EV:  9    Int: 11    God:
Gold:   301        SH:  5    Dex:  9    Spells: 7/7 levels left

rFire   . . .        a - +0 flail
rCold   + . .        c - +0 buckler
rNeg    . . .        n - +4 chain mail {rC+}
rPois   .            (helmet restricted)
rElec   .            (no cloak)
rCorr   .            H - +1 pair of gloves
SInv    .            (no boots)
Will    .....        (no amulet) Stlth
                     h - +6 ring of intelligence
HPRegen 0.31/turn    w - ring of flight
MPRegen 0.10/turn

%: no passive effects
@: flying
A: horns 2, retaliatory headbutt
a: no special abilities


You were on level 7 of the Dungeon.
You visited 1 branch of the dungeon, and saw 7 of its levels.

You collected 301 gold pieces.

Inventory:

Hand Weapons
 a - a +0 flail (weapon)
 u - a +0 falchion
 D - a +0 halberd
 J - a +2 dagger of holy wrath
 K - a +2 dagger of venom
Missiles
 l - 17 poisoned darts (quivered)
 E - a throwing net
Armour
 b - a +0 scale mail
 c - a +0 buckler (worn)
 j - a +0 ring mail
 n - a +4 chain mail of cold resistance (worn)
 z - a +0 plate armour
 H - a +1 pair of gloves (worn)
Jewellery
 h - a +6 ring of intelligence (left hand)
 w - a ring of flight (right hand)
Wands
 m - a wand of digging (5)
 o - a wand of paralysis (2)
 p - a wand of roots (16)
Scrolls
 g - 2 scrolls of enchant weapon {unknown}
 i - 4 scrolls of identify {unknown}
 k - a scroll of vulnerability {unknown}
 s - 3 scrolls of silence {unknown}
 t - 2 scrolls of teleportation {unknown}
 v - a scroll of blinking {unknown}
 x - 3 scrolls of fear {unknown}
 y - a scroll of brand weapon {unknown}
 C - a scroll of enchant armour {unknown}
 F - a scroll of poison {unknown}
Potions
 d - a potion of might
 e - 2 potions of curing {unknown}
 f - 3 potions of heal wounds {unknown}
 q - 2 potions of attraction {unknown}
 r - a potion of lignification {unknown}
 A - a potion of magic {unknown}
 B - a potion of cancellation {unknown}
 G - a potion of haste {unknown}
 I - a potion of mutation {unknown}


   Skills:
 + Level 5.8 Fighting
 + Level 8.5 Maces & Flails
 + Level 7.5 Armour
 + Level 3.1 Dodging
 + Level 0.6 Stealth
 + Level 6.0 Shields


You had 7 spell levels left.
You didn't know any spells.
Your spell library contained the following spells:

 Spells                   Type           Power      Damage    Failure   Level
 Summon Small Mammal      Summ           0%         N/A       89%         1
 Ensorcelled Hibernation  Hex/Ice        0%         N/A       96%         2
 Poisonous Vapours        Pois/Air       0%         N/A       96%         2
 Sublimation of Blood     Necr           0%         N/A       96%         2
 Wereblood                Tmut           0%         N/A       96%         2
 Call Canine Familiar     Summ           0%         N/A       99%         3
 Mephitic Cloud           Conj/Pois/Air  0%         N/A       99%         3
 Spider Form              Tmut/Pois      0%         N/A       99%         3
 Stone Arrow              Conj/Erth      0%         3d7       99%         3
 Summon Guardian Golem    Hex/Summ       0%         N/A       99%         3
 Anguish                  Hex/Necr       0%         N/A       100%        4
 Animate Armour           Summ/Erth      0%         N/A       100%        4
 Freezing Cloud           Conj/Ice/Air   0%         6-21      100%        5
 Summon Hydra             Summ           0%         N/A       100%        7
 Lehudib's Crystal Spear  Conj/Erth      0%         10d2      100%        8


Dungeon Overview and Level Annotations

Branches:
Dungeon (7/15)             Temple (0/1) D:5

Altars:
Dithmenos
Fedhas
Okawaru
Qazlal
Ru
Trog
Zin
The Shining One

Shops:
D:3 :

Annotations:
D:4 2 transporters, MrSquiggles's ghost, amateur OpAr


Innate Abilities, Weirdness & Mutations

You have a pair of horns on your head.
You reflexively headbutt those who attack you in melee.


Message History

Things that are here:
a +0 flail; a boomerang; an orc corpse You hit the orc warrior but do no damage.
Your headbutt misses the orc warrior.
The orc warrior unwields a +0 orcbow.
The orc warrior wields a +0 hand axe.
The orc warrior barely misses you. The orc priest closely misses you.
You furiously retaliate!
You headbutt the orc priest! You hit the orc warrior.
The orc warrior is lightly wounded.
The orc warrior barely misses you.
The orc priest hits you but does no damage.
You hit the orc warrior but do no damage.
Your headbutt misses the orc warrior.
The orc warrior is lightly wounded.
You block the orc warrior's attack.
The orc priest hits you but does no damage.
You hit the orc warrior but do no damage.
The orc warrior is lightly wounded.
The orc warrior hits you but does no damage.
You closely miss the orc warrior.
The orc warrior is lightly wounded.
The orc priest hits you but does no damage.
The orc warrior hits you but does no damage.
You closely miss the orc warrior.
The orc warrior is lightly wounded.
The orc priest looks braver for a moment.
You block the orc priest's attack.
The orc warrior hits you with a +0 hand axe!
* * * LOW HITPOINT WARNING * * *
You barely miss the orc warrior.
The orc warrior is lightly wounded.
The orc priest hits you but does no damage.
The orc warrior hits you but does no damage.
The orc priest hits you but does no damage.
You hit the orc warrior. Your headbutt misses the orc warrior.
The orc warrior is lightly wounded.
The orc warrior hits you but does no damage.
The orc priest calls down the wrath of Beogh upon you.
Beogh smites you!
You die...

#o #.#.# #.#### ###.#.#
#ooo.# #...#.# #..#.# #.#
#.#
...#o################.###.#
##.#.)..o.o...............#
.....)....#.###o#####.#####
##.######.#.# #o#####.# ...
#.#.# #o@.....# ### #...#
######### #####


You could see an orc warrior and 2 orc priests.

Vanquished Creatures
  An ice beast (D:6)
  An orc warrior (D:4)
  3 ogres
  2 phantoms
  A kobold brigand (D:7)
  A necrophage (D:5)
  A bullfrog (D:4)
  3 scorpions
  3 jellies
  2 hounds
  4 iguanas
  A sleepcap (D:7)
  Ijyb (D:3)
  2 orc wizards
  Robin (D:3)
  5 gnolls
  8 adders
  A shadow imp (D:5)
  3 white imps
  2 ufetubi (D:4)
  2 worms
  4 dart slugs
  17 orcs
  4 ball pythons
  4 bats
  5 endoplasms
  3 giant cockroaches
  12 goblins
  9 hobgoblins
  3 frilled lizards
  14 kobolds
  3 rats
126 creatures vanquished.

Notes
Turn   | Place    | Note
-------+----------+-------------------------------------------
     0 | D:1      | bisquet the Minotaur Fighter began the quest for the Orb.
     0 | D:1      | Reached XP level 1. HP: 19/19 MP: 0/0
   196 | D:1      | Reached XP level 2. HP: 27/27 MP: 1/1
   983 | D:2      | Reached skill level 3 in Maces & Flails
   983 | D:2      | Reached XP level 3. HP: 19/33 MP: 2/2
  1195 | D:2      | Reached skill level 1 in Dodging
  1325 | D:3      | Noticed Ijyb
  1331 | D:3      | Paralysed by Ijyb for 5 turns
  1340 | D:3      | Paralysed by Ijyb for 4 turns
  1349 | D:3      | Paralysed by Ijyb for 4 turns
  1363 | D:3      | Reached XP level 4. HP: 26/40 MP: 3/3
  1363 | D:3      | Killed Ijyb
  1461 | D:3      | Noticed Robin
  1482 | D:3      | Killed Robin
  1646 | D:3      | Reached skill level 4 in Maces & Flails
  1646 | D:3      | Reached XP level 5. HP: 43/46 MP: 4/4
  1700 | D:3      | Found Kagaodgheirph's Book Emporium.
  1850 | D:3      | Found a bloodstained altar of Trog.
  2228 | D:4      | Noticed a phantom
  2241 | D:4      | Killed a phantom
  2242 | D:4      | Reached skill level 5 in Armour
  2243 | D:4      | Reached skill level 5 in Maces & Flails
  2275 | D:4      | Found a transporter.
  2280 | D:4      | Noticed MrSquiggles's ghost (amateur OpAr)
  2295 | D:4      | Found a transporter.
  2347 | D:4      | Reached XP level 6. HP: 50/53 MP: 5/5
  2858 | D:4      | Reached skill level 6 in Maces & Flails
  2881 | D:4      | Noticed an orc warrior
  2894 | D:4      | Reached XP level 7. HP: 55/60 MP: 6/6
  2904 | D:4      | Reached skill level 5 in Shields
  3037 | D:5      | Entered Level 5 of the Dungeon
  3101 | D:5      | Found a glowing golden altar of the Shining One.
  3110 | D:5      | Found a shadowy altar of Dithmenos.
  3110 | D:5      | Found a sacrificial altar of Ru.
  3118 | D:5      | Found a glowing silver altar of Zin.
  3182 | D:5      | Reached skill level 5 in Fighting
  3234 | D:5      | Found a staircase to the Ecumenical Temple.
  3273 | D:5      | Reached skill level 7 in Maces & Flails
  3291 | D:5      | Upgraded the game from 0.30-a0-777-ga9a30cbeda to
                  | 0.31-a0-133-gaae73658be
  3670 | D:5      | Found an iron altar of Okawaru.
  3895 | D:6      | Reached XP level 8. HP: 68/68 MP: 7/7
  4159 | D:6      | Found a blossoming altar of Fedhas.
  4169 | D:6      | Found a stormy altar of Qazlal.
  4261 | D:6      | Reached skill level 8 in Maces & Flails
  4523 | D:7      | Killed from afar by an orc priest

Illustrated notes

Levels and vault maps discovered:
D:1:      elethiomel_arrival_maze, layout_basic
D:2:      layout_loops_corners, hellmonk_ecumenical_altar_run_dry, serial_shops,
          shop, minmay_tetromino_o4
D:3:      cheibrodos_greedy_goblins, layout_basic,
          mainiacjoe_overflow_surrounded_room, serial_shops, shop, uniq_robin,
          uniq_ijyb
D:4:      layout_cave_pools, gammafunk_ghost_arena, minmay_divided_ellipse
D:5:      layout_layer_cave, kennysheep_mini, minitemple,
          minmay_temple_entry_glass
D:6:      hellmonk_ruined_rings, layout_rooms,
          grunt_temple_overflow_forces_of_nature, serial_shops, shop,
          lightli_church_of_beogh
D:7:      layout_loops_ring, mainiacjoe_overflow_paths, serial_shops,
          nicolae_shop_waterfront

Skill      XL: |  1  2  3  4  5  6  7  8 |
---------------+-------------------------+-----
Armour         | 4 5 6 7 |  7.5
Shields        | 4 5 6 |  6.0
Fighting       | 4 5 |  5.8
Maces & Flails | 3 4 5 6 7 8 |  8.5
Dodging        | 1 2 3 |  3.1
Stealth        | |  0.6

Action                     |  1- 3 |  4- 6 |  7- 9 || total
---------------------------+-------+-------+-------++-------
  Melee: Flail             |    90 |   132 |   172 ||   394
         Headbutt          |    11 |    23 |    33 ||    67
 Armour: Scale mail        |    45 |     3 |       ||    48
         Chain mail        |       |    94 |    71 ||   165
  Dodge: Dodged            |    49 |    64 |    56 ||   169
  Block: Buckler           |    17 |    21 |    29 ||    67

Table legend: (Time is in decaauts)
 A = Elapsed time spent in this place.
 B = Non-inter-level travel time spent in this place.
 C = Inter-level travel time spent in this place.
 D = Time resting spent in this place.
 E = Time spent auto-exploring this place.
 F = Levels seen in this place.
 G = Mean time per level.
                   A        B        C        D        E       F      G
               +--------+--------+--------+--------+--------+-----+--------+
         Total |   4581 |   3992 |    589 |    275 |      0 |   7 |  654.4 |
       Dungeon |   4581 |   3992 |    589 |    275 |      0 |   7 |  654.4 |
               +--------+--------+--------+--------+--------+-----+--------+

Top non-repeatable levels by time:
     D:4: 968 daAuts
     D:1: 913 daAuts
     D:5: 808 daAuts
     D:3: 771 daAuts
     D:6: 529 daAuts
     D:2: 435 daAuts
     D:7: 155 daAuts
